TOP OF THE 1ST |
Capital District Red Knights batting - Pitching for Kingston Township Legion : RHP Alfonso Miranda
|
Pitching: RHP Alfonso Miranda
|
|
Batting: RHB Robert O'Connor
|
0-0: Called Strike 0-1: Ball 1-1: Called Strike 1-2: Ball 2-2: Ball 3-2: Strikes out looking
|
Batting: RHB Mario Álvarez
|
0-0: Ball 1-0: Swinging Strike 1-1: Ground out 6-3 (Groundball, 6)
|
Batting: RHB Arnold Giroux
|
0-0: Swinging Strike 0-1: Ball 1-1: Ground out 5-3 (Groundball, 56)
|
Top of the 1st over - 0 runs, 0 hits, 0 errors, 0 left on base; Capital District 0 - Kingston Township 0 |
BOTTOM OF THE 1ST |
Kingston Township Legion batting - Pitching for Capital District Red Knights : RHP Luis Hernández
|
Pitching: RHP Luis Hernández
|
|
Batting: RHB Alfredo Cardenas
|
0-0: Ball 1-0: Ball 2-0: Swinging Strike 2-1: Swinging Strike 2-2: Foul Ball, location: 2F 2-2: Strikes out looking
|
Batting: LHB António González
|
0-0: Ball 1-0: Foul Ball, location: 2F 1-1: Foul Ball, location: 2F 1-2: Ball 2-2: Ball 3-2: Fly out, F7 (Flyball, 78M)
|
Batting: RHB Dani Trejo
|
0-0: Ball 1-0: Ball 2-0: Ball 3-0: Base on Balls
|
Batting: LHB Mike Gardner
|
0-0: Foul Ball, location: 2F 0-1: Ball 1-1: SINGLE (Groundball, 3D) Dani Trejo to second Runner from 2nd tries for 3rd, SAFE, throw made to third
|
Batting: RHB EP Weston
|
0-0: Called Strike 0-1: Fly out, F3 (Popup, 34S)
|
Bottom of the 1st over - 0 runs, 1 hit, 0 errors, 2 left on base; Capital District 0 - Kingston Township 0 |
TOP OF THE 2ND |
Capital District Red Knights batting - Pitching for Kingston Township Legion : RHP Alfonso Miranda
|
Batting: RHB Brandon Cole
|
0-0: Ball 1-0: Foul Ball, location: 2F 1-1: Ball 2-1: Ball 3-1: Called Strike 3-2: Foul Ball, location: 2F 3-2: Strikes out swinging
|
Batting: RHB Pedro Álvarez
|
0-0: Ground out 1-3 (Groundball, 13)
|
Batting: RHB Steve Jones
|
0-0: Ball 1-0: Called Strike 1-1: Foul Ball, location: 2F 1-2: Ball 2-2: Strikes out swinging
|
Top of the 2nd over - 0 runs, 0 hits, 0 errors, 0 left on base; Capital District 0 - Kingston Township 0 |
BOTTOM OF THE 2ND |
Kingston Township Legion batting - Pitching for Capital District Red Knights : RHP Luis Hernández
|
Batting: LHB Andrés Chávez
|
0-0: Ball 1-0: Foul Ball, location: 2F 1-1: Swinging Strike 1-2: Strikes out swinging
|
Batting: RHB Jim Scott
|
0-0: Ball 1-0: Called Strike 1-1: Fly out, F7 (Flyball, 78S)
|
Batting: RHB Juan Aguirre
|
0-0: Ball 1-0: Fly out, F6 (Popup, 6MS)
|
Bottom of the 2nd over - 0 runs, 0 hits, 0 errors, 0 left on base; Capital District 0 - Kingston Township 0 |
TOP OF THE 3RD |
Capital District Red Knights batting - Pitching for Kingston Township Legion : RHP Alfonso Miranda
|
Batting: RHB José Paz
|
0-0: Ball 1-0: Ball 2-0: Ball 3-0: Base on Balls
|
Batting: RHB Danilo Mosca
|
0-0: Called Strike 0-1: Fly out, F8 (Flyball, 89S)
|
Batting: LHB Arturo Hernández
|
0-0: Ball 1-0: Fly out, F9 (Flyball, 9)
|
Batting: RHB Robert O'Connor
|
0-0: Called Strike 0-1: Ground out U3 (Groundball, 3)
|
Top of the 3rd over - 0 runs, 0 hits, 0 errors, 1 left on base; Capital District 0 - Kingston Township 0 |
BOTTOM OF THE 3RD |
Kingston Township Legion batting - Pitching for Capital District Red Knights : RHP Luis Hernández
|
Batting: RHB José Icaza
|
0-0: Ball 1-0: Called Strike 1-1: Swinging Strike 1-2: Foul Ball, location: 2F 1-2: Ball 2-2: Foul Ball, location: 2F 2-2: Foul Ball, location: 2F 2-2: Ball 3-2: Base on Balls
|
Batting: RHB Alfredo Cardenas
|
0-0: Foul Ball, location: 2F 0-1: Foul Ball, location: 2F 0-2: Ball 1-2: Strikes out looking
|
Batting: LHB António González
|
0-0: Ball 1-0: Called Strike 1-1: Swinging Strike 1-2: Foul Ball, location: 2F 1-2: Foul Ball, location: 2F 1-2: Fly out, F9 (Flyball, 89M)
|
Batting: RHB Dani Trejo
|
0-0: Ball 1-0: Ball 2-0: Foul Ball, location: 2F 2-1: Foul Ball, location: 2F 2-2: Ball 3-2: Foul Ball, location: 2F 3-2: Strikes out swinging
|
Bottom of the 3rd over - 0 runs, 0 hits, 0 errors, 1 left on base; Capital District 0 - Kingston Township 0 |
TOP OF THE 4TH |
Capital District Red Knights batting - Pitching for Kingston Township Legion : RHP Alfonso Miranda
|
Batting: RHB Mario Álvarez
|
0-0: Ball 1-0: Foul Ball, location: 2F 1-1: DOUBLE (Line Drive, 78D)
|
Batting: RHB Arnold Giroux
|
0-0: Called Strike 0-1: Ball 1-1: DOUBLE (Line Drive, 7LD) Mario Álvarez scores
|
Batting: RHB Brandon Cole
|
0-0: Ball 1-0: Ball 2-0: DOUBLE (Line Drive, 7LM) Arnold Giroux scores
|
Batting: RHB Pedro Álvarez
|
0-0: Swinging Strike 0-1: Ball 1-1: Ball 2-1: Ball 3-1: Called Strike 3-2: Foul Ball, location: 2F 3-2: Base on Balls
|
Batting: RHB Steve Jones
|
0-0: Called Strike 0-1: Ball 1-1: SINGLE (Groundball, 56D) Brandon Cole to third Pedro Álvarez to second
|
Batting: RHB José Paz
|
0-0: Ball 1-0: SINGLE (Line Drive, 6D) Brandon Cole scores Pedro Álvarez to third Steve Jones to second
|
Batting: RHB Danilo Mosca
|
0-0: Foul Ball, location: 2F 0-1: Foul Ball, location: 2F 0-2: Ball 1-2: Foul Ball, location: 2F 1-2: Hit by Pitch Pedro Álvarez scores Steve Jones to third José Paz to second
|
Batting: LHB Arturo Hernández
|
0-0: Called Strike 0-1: Swinging Strike 0-2: Ball 1-2: Foul Ball, location: 2F 1-2: Strikes out swinging
|
Batting: RHB Robert O'Connor
|
0-0: Foul Ball, location: 2F 0-1: Ball 1-1: Ball 2-1: Swinging Strike 2-2: Ball 3-2: Fly out, F7 (Flyball, 7LM) Runner from 3rd tags up, SCORES, throw made
|
Batting: RHB Mario Álvarez
|
0-0: Swinging Strike 0-1: Ball 1-1: SINGLE (Flyball, 9LS) José Paz to third Danilo Mosca to second Runner from 3rd tries for Home, throw and OUT!
|
Top of the 4th over - 5 runs, 6 hits, 0 errors, 2 left on base; Capital District 5 - Kingston Township 0 |
BOTTOM OF THE 4TH |
Kingston Township Legion batting - Pitching for Capital District Red Knights : RHP Luis Hernández
|
Batting: LHB Mike Gardner
|
0-0: Ball 1-0: Called Strike 1-1: Swinging Strike 1-2: Foul Ball, location: 2F 1-2: Ball 2-2: Foul Ball, location: 2F 2-2: Foul Ball, location: 2F 2-2: Foul Ball, location: 2F 2-2: Ball 3-2: Foul Ball, location: 2F 3-2: Ground out 6-3 (Groundball, 6S)
|
Batting: RHB EP Weston
|
0-0: Ground out 4-3 (Groundball, 4)
|
Batting: LHB Andrés Chávez
|
0-0: Ball 1-0: Fly out, F9 (Flyball, 9)
|
Bottom of the 4th over - 0 runs, 0 hits, 0 errors, 0 left on base; Capital District 5 - Kingston Township 0 |
TOP OF THE 5TH |
Capital District Red Knights batting - Pitching for Kingston Township Legion : RHP Alfonso Miranda
|
Batting: RHB Arnold Giroux
|
0-0: Ball 1-0: Ball 2-0: Fly out, F3 (Popup, 23F)
|
Batting: RHB Brandon Cole
|
0-0: Ball 1-0: Foul Ball, location: 2F 1-1: Called Strike 1-2: Foul Ball, location: 2F 1-2: Ball 2-2: Foul Ball, location: 2F 2-2: Foul Ball, location: 2F 2-2: Ball 3-2: Strikes out looking
|
Batting: RHB Pedro Álvarez
|
0-0: Called Strike 0-1: Ball 1-1: Fly out, F7 (Flyball, 78M)
|
Top of the 5th over - 0 runs, 0 hits, 0 errors, 0 left on base; Capital District 5 - Kingston Township 0 |
BOTTOM OF THE 5TH |
Kingston Township Legion batting - Pitching for Capital District Red Knights : RHP Luis Hernández
|
Batting: RHB Jim Scott
|
0-0: Foul Ball, location: 2F 0-1: Swinging Strike 0-2: Ball 1-2: Ball 2-2: Strikes out swinging
|
Batting: RHB Juan Aguirre
|
0-0: Called Strike 0-1: Called Strike 0-2: Strikes out swinging
|
Batting: RHB José Icaza
|
0-0: Ball 1-0: Ball 2-0: Ball 3-0: Called Strike 3-1: Foul Ball, location: 2F 3-2: Base on Balls
|
Batting: RHB Alfredo Cardenas
|
0-0: Swinging Strike 0-1: Foul Ball, location: 2F 0-2: Ball 1-2: Strikes out looking
|
Bottom of the 5th over - 0 runs, 0 hits, 0 errors, 1 left on base; Capital District 5 - Kingston Township 0 |
TOP OF THE 6TH |
Capital District Red Knights batting - Pitching for Kingston Township Legion : RHP Alfonso Miranda
|
Batting: RHB Steve Jones
|
0-0: Ball 1-0: Foul Ball, location: 2F 1-1: Ball 2-1: SINGLE (Groundball, 6D)
|
Batting: RHB José Paz
|
0-0: Ball 1-0: Called Strike 1-1: Fly out, F8 (Line Drive, 8RD)
|
Batting: RHB Danilo Mosca
|
0-0: Grounds into double play, 6-4-3 (Groundball, 6)
|
Top of the 6th over - 0 runs, 1 hit, 0 errors, 0 left on base; Capital District 5 - Kingston Township 0 |
BOTTOM OF THE 6TH |
Kingston Township Legion batting - Pitching for Capital District Red Knights : RHP Luis Hernández
|
Batting: LHB António González
|
0-0: Called Strike 0-1: Fly out, F3 (Popup, 3DF)
|
Batting: RHB Dani Trejo
|
0-0: Foul Ball, location: 2F 0-1: Ball 1-1: Ball 2-1: Ball 3-1: DOUBLE (Groundball, 5L)
|
Batting: LHB Mike Gardner
|
0-0: Ball 1-0: Ball 2-0: Ball 3-0: Called Strike 3-1: Fly out, F7 (Flyball, 78D)
|
Batting: RHB EP Weston
|
0-0: Ball 1-0: Ball 2-0: Foul Ball, location: 2F 2-1: Foul Ball, location: 2F 2-2: Ball 3-2: Foul Ball, location: 2F 3-2: Fly out, F7 (Flyball, 7D)
|
Bottom of the 6th over - 0 runs, 1 hit, 0 errors, 1 left on base; Capital District 5 - Kingston Township 0 |
TOP OF THE 7TH |
Capital District Red Knights batting - Pitching for Kingston Township Legion : RHP Alfonso Miranda
|
Batting: LHB Arturo Hernández
|
0-0: Foul Ball, location: 2F 0-1: Reached on error, E5 (Groundball, 5)
|
Batting: RHB Robert O'Connor
|
0-0: Ball 1-0: Fly out, F2 (Popup, 2L)
|
Batting: RHB Mario Álvarez
|
0-0: Ball 1-0: Swinging Strike 1-1: Ball 2-1: Ball 3-1: SINGLE (Line Drive, 6MD) Arturo Hernández to second Runner from 2nd tries for 3rd, SAFE, throw made to third
|
Pitching: LHP Roger Shaw
|
|
Now in CF: Armando Reyes
|
|
Batting: RHB Arnold Giroux
|
0-0: Called Strike 0-1: Ball 1-1: Grounds into double play, 6-4-3 (Groundball, 6)
|
Top of the 7th over - 0 runs, 1 hit, 1 error, 1 left on base; Capital District 5 - Kingston Township 0 |
BOTTOM OF THE 7TH |
Kingston Township Legion batting - Pitching for Capital District Red Knights : RHP Luis Hernández
|
Batting: LHB Andrés Chávez
|
0-0: Ball 1-0: Ball 2-0: Ball 3-0: Called Strike 3-1: Ground out 6-3 (Groundball, 6)
|
Batting: RHB Jim Scott
|
0-0: Ball 1-0: Ball 2-0: Foul Ball, location: 2F 2-1: Fly out, F9 (Flyball, 9)
|
Batting: RHB Juan Aguirre
|
0-0: Foul Ball, location: 2F 0-1: Foul Ball, location: 2F 0-2: Ball 1-2: Foul Ball, location: 2F 1-2: Fly out, F9 (Flyball, 9)
|
Bottom of the 7th over - 0 runs, 0 hits, 0 errors, 0 left on base; Capital District 5 - Kingston Township 0 |
TOP OF THE 8TH |
Capital District Red Knights batting - Pitching for Kingston Township Legion : LHP Roger Shaw
|
Batting: RHB Brandon Cole
|
0-0: Called Strike 0-1: Swinging Strike 0-2: Strikes out swinging
|
Batting: RHB Pedro Álvarez
|
0-0: Ball 1-0: Swinging Strike 1-1: Ball 2-1: Ground out 1-3 (Groundball, P)
|
Batting: RHB Steve Jones
|
0-0: Called Strike 0-1: Swinging Strike 0-2: Ground out 6-3 (Groundball, 6)
|
Top of the 8th over - 0 runs, 0 hits, 0 errors, 0 left on base; Capital District 5 - Kingston Township 0 |
BOTTOM OF THE 8TH |
Kingston Township Legion batting - Pitching for Capital District Red Knights : RHP Luis Hernández
|
Batting: RHB José Icaza
|
0-0: Called Strike 0-1: Ball 1-1: Foul Ball, location: 2F 1-2: Foul Ball, location: 2F 1-2: Foul Ball, location: 2F 1-2: Foul Ball, location: 2F 1-2: Fly out, F7 (Flyball, 7D)
|
Pitching: RHP Oswaldo Mobray
|
|
Batting: LHB Armando Reyes
|
0-0: Ball 1-0: Ball 2-0: Ball 3-0: Called Strike 3-1: Foul Ball, location: 2F 3-2: Base on Balls
|
Batting: LHB António González
|
0-0: Called Strike 0-1: Foul Ball, location: 2F 0-2: Ball 1-2: Ball 2-2: Ball 3-2: Foul Ball, location: 2F 3-2: Strikes out looking
|
Batting: RHB Dani Trejo
|
0-0: Ball 1-0: Ground out 5-3 (Groundball, 5S)
|
Bottom of the 8th over - 0 runs, 0 hits, 0 errors, 1 left on base; Capital District 5 - Kingston Township 0 |
TOP OF THE 9TH |
Capital District Red Knights batting - Pitching for Kingston Township Legion : LHP Roger Shaw
|
Pitching: RHP John Riggleman
|
|
Batting: RHB José Paz
|
0-0: Foul Ball, location: 2F 0-1: Swinging Strike 0-2: Strikes out swinging
|
Batting: RHB Danilo Mosca
|
0-0: Ball 1-0: Foul Ball, location: 2F 1-1: Swinging Strike 1-2: Ball 2-2: SINGLE (Flyball, 89M)
|
Batting: LHB Arturo Hernández
|
0-0: Called Strike Danilo Mosca steals 2nd base 0-1: Called Strike 0-2: Strikes out swinging
|
Batting: RHB Robert O'Connor
|
0-0: Swinging Strike 0-1: Foul Ball, location: 2F 0-2: Strikes out swinging
|
Top of the 9th over - 0 runs, 1 hit, 0 errors, 1 left on base; Capital District 5 - Kingston Township 0 |
BOTTOM OF THE 9TH |
Kingston Township Legion batting - Pitching for Capital District Red Knights : RHP Oswaldo Mobray
|
Now in LF: Alfonso Enríquez
|
|
Batting: LHB Mike Gardner
|
0-0: Ball 1-0: Fly out, F7 (Flyball, 7)
|
Batting: RHB EP Weston
|
0-0: Called Strike 0-1: Ball 1-1: Ball 2-1: Foul Ball, location: 2F 2-2: Ball 3-2: Strikes out swinging
|
Batting: LHB Andrés Chávez
|
0-0: Ball 1-0: Called Strike 1-1: Swinging Strike 1-2: Strikes out swinging
|
Bottom of the 9th over - 0 runs, 0 hits, 0 errors, 0 left on base; Capital District 5 - Kingston Township 0 |
|